 Dungeon Crawl Stone Soup version 0.26.1-11-gd32895ea62 (webtiles) character file.

Game seed: 2949505803147070608

4302 tizbic2 the Basher (level 10, -17/94 HPs)
             Began as an Ogre Ice Elementalist on June 27, 2021.
             Was a Priest of Makhleb.
             Hit by a large rock thrown by a cyclops (49 damage)
             ... on level 9 of the Dungeon.
             The game lasted 01:07:57 (8124 turns).

tizbic2 the Basher (Ogre Ice Elementalist)          Turns: 8124, Time: 01:07:58

Health: -17/94     AC: 11    Str: 14    XL:     10   Next: 32%
Magic:  23/27      EV: 11    Int: 16    God:    Makhleb [***...]
Gold:   348        SH:  0    Dex: 12    Spells: 13/20 levels left

rFire    . . .     SeeInvis .   A - +0 giant club
rCold    . . .     Faith    .   (shield currently unavailable)
rNeg     . . .     Spirit   .   a - +2 robe
rPois    .         Reflect  .   (helmet restricted)
rElec    .         Harm     .   D - +1 cloak
rCorr    .         Rampage  .   (gloves unavailable)
Will     +....                  (boots unavailable)
Stlth    ++........             o - amulet of magic regeneration
HPRegen  0.25/turn              F - ring of magical power
MPRegen  0.45/turn              f - +4 ring of protection

@: hasted, very quick
A: large, unfitting armour, tough skin 1, wild magic 1
a: Renounce Religion, Minor Destruction, Lesser Servant of Makhleb


You were on level 9 of the Dungeon.
You worshipped Makhleb.
Makhleb was most pleased with you.
You visited 1 branch of the dungeon, and saw 9 of its levels.
You also visited: Ossuary.

You collected 600 gold pieces.
You spent 252 gold pieces at shops.

Inventory:

Hand Weapons
 z - a +0 flail
 A - a +0 giant club (weapon)
Armour
 a - a +2 robe (worn)
 D - a +1 cloak (worn)
Jewellery
 f - a +4 ring of protection (right hand)
 o - an amulet of magic regeneration (around neck)
 y - an uncursed ring of see invisible
 F - a ring of magical power (left hand)
Wands
 n - a wand of polymorph (17)
 t - a wand of acid (11)
 x - a wand of flame (17)
Scrolls
 b - a scroll of amnesia
 d - 3 scrolls of teleportation
 g - a scroll of identify
 m - a scroll of fear
 q - 2 scrolls of blinking
 s - 2 scrolls of magic mapping
 w - 3 scrolls of remove curse
 B - a scroll of summoning
 C - 4 scrolls of fog
 E - a scroll of noise
Potions
 c - 2 potions of magic
 e - 2 potions of brilliance
 h - 5 potions of lignification
 i - a potion of flight {unknown}
 j - 5 potions of curing
 k - 4 potions of haste
 l - a potion of heal wounds {unknown}
 p - 2 potions of mutation
 r - a potion of berserk rage {unknown}
 u - 2 potions of attraction
 v - a potion of degeneration {unknown}
 G - a potion of cancellation {unknown}


   Skills:
 + Level 4.8 Fighting
 * Level 10.7(10.8) Maces & Flails
 - Level 3.2(8.2) Staves
 - Level 3.5 Dodging
 - Level 1.4 Stealth
 + Level 5.7 Spellcasting
 + Level 6.2 Ice Magic
 * Level 2.8 Invocations


You had 13 spell levels left.
You knew the following spells:

 Your Spells              Type           Power        Failure   Level
a - Freeze                Ice            100%         2%          1
b - Ozocubu's Armour      Ice            32%          5%          3
c - Frozen Ramparts       Ice            64%          5%          3

Your spell library contained the following spells:

 Spells                   Type           Power        Failure   Level
 Hailstorm                Conj/Ice       19%          45%         4
 Summon Ice Beast         Ice/Summ       19%          45%         4


Dungeon Overview and Level Annotations

Branches:
Dungeon (9/15)             Temple (0/1) D:5         Ossuary (visited)
   Lair: D:8-11         Orc: D:9-12

Altars:
Elyvilon
Gozag
Makhleb
Qazlal
Ru
Sif Muna
Trog
Uskayaw
Wu Jian
Xom
The Shining One

Shops:
D:6 (

Annotations:
D:5 2 transporters


Innate Abilities, Weirdness & Mutations

You are too large for most types of armour.
You have tough skin. (AC +1)
Your spells are a little harder to cast, but a little more powerful.


Message History

You feel better.
A cyclops comes into view.
Press: ? - help, v - describe, . - travel The floor.
Unknown command.
The cyclops throws a large rock.
The large rock hits you!!!
You see here a large rock.
The cyclops throws a large rock.
The large rock hits you!!
You see here a large rock.
The eye of draining turns its gaze towards you.
The cyclops throws a large rock.
The large rock hits you!
* * * LOW HITPOINT WARNING * * *
The eye of draining gazes at you.
You feel your power leaking away.
You see here a large rock.
You feel better.
You feel yourself speed up.
The cyclops throws a large rock.
The large rock hits you!!!
Ouch! That really hurt!
You die...

###.....................
#.......................
#..........##..........
#..........##..........
#......................
#....................
##...........##......
#...........##......
#..........@.....#
##.........(.....##.
#.........(........
#######............
######....... ...G...
#...... ...C.. ......


You could see a cyclops and an eye of draining.

Vanquished Creatures
  4 yaks (D:6)
  2 wargs (D:9)
  A water moccasin (D:6)
  An ice beast (D:5)
  A sky beast (D:6)
  An eye of draining (D:8)
  8 centaurs
  2 phantoms
  4 ogres
  A big kobold (D:7)
  2 elf zombies (Ossuary)
  4 bullfrogs
  A scorpion (D:3)
  6 centaur zombies (Ossuary)
  A quasit (D:8)
  2 bullfrog skeletons
  5 hounds
  4 human zombies (Ossuary)
  4 orc priests (D:9)
  2 jellies
  A centaur skeleton (D:8)
  Terence (D:3)
  2 iguanas
  4 orc wizards
  6 worker ants
  4 mummies
  A howler monkey skeleton (D:8)
  10 adders
  2 shadow imps
  A white imp (D:9)
  3 ufetubi
  An ooze (D:1)
  An adder zombie (D:5)
  2 worms
  2 adder skeletons (D:8)
  5 dart slugs
  3 leopard geckos
  26 orcs
  11 bats
  4 giant cockroaches
  4 hobgoblins
  11 jackals
  12 kobolds
  4 quokkas
  A ball python (D:4)
  4 frilled lizards
  9 goblins
  5 rats
196 creatures vanquished.

Vanquished Creatures (collateral kills)
  An ice beast (D:9)
  A kobold (D:7)
2 creatures vanquished.

Grand Total: 198 creatures vanquished

Notes
Turn   | Place    | Note
-------+----------+-------------------------------------------
     0 | D:1      | tizbic2 the Ogre Ice Elementalist began the quest for the
                  | Orb.
     0 | D:1      | Reached XP level 1. HP: 16/16 MP: 3/3
    76 | D:1      | Reached XP level 2. HP: 9/24 MP: 1/5
   451 | D:2      | Reached skill level 4 in Maces & Flails
   451 | D:2      | Reached skill level 5 in Ice Magic
   451 | D:2      | Reached XP level 3. HP: 18/39 MP: 6/9
   558 | D:2      | Learned a level 3 spell: Ozocubu's Armour
   562 | D:2      | Learned a level 3 spell: Frozen Ramparts
   628 | D:1      | Reached XP level 4. HP: 48/48 MP: 5/10
  1368 | D:2      | Found a faded altar of an unknown god.
  1380 | D:2      | Became a worshipper of Makhleb the Destroyer
  1380 | D:2      | Reached * piety under Makhleb
  1470 | D:2      | Found a bloodstained altar of Trog.
  1711 | D:3      | Found a shimmering blue altar of Sif Muna.
  1730 | D:3      | Reached XP level 5. HP: 34/54 MP: 4/11
  1921 | D:3      | Noticed Terence
  1934 | D:3      | Killed Terence
  2469 | D:4      | Reached XP level 6. HP: 59/62 MP: 7/12
  2905 | D:4      | Found a burning altar of Makhleb.
  2922 | D:4      | Reached skill level 5 in Maces & Flails
  3048 | D:4      | Noticed a phantom
  3172 | D:4      | Killed a phantom
  3173 | D:4      | Reached XP level 7. HP: 65/70 MP: 12/14
  3482 | D:5      | Entered Level 5 of the Dungeon
  3613 | D:5      | Found a transporter.
  3619 | D:5      | Found a transporter.
  3622 | D:5      | Noticed a purple ugly thing
  3624 | D:5      | Found an opulent altar of Gozag.
  3696 | D:5      | Found a sacrificial altar of Ru.
  3734 | D:5      | Reached ** piety under Makhleb
  3735 | D:5      | Reached skill level 6 in Maces & Flails
  3768 | D:5      | Found a stormy altar of Qazlal.
  3795 | D:5      | Found a staircase to the Ecumenical Temple.
  3828 | D:5      | Found an ornate altar of the Wu Jian Council.
  3829 | D:5      | Found a white marble altar of Elyvilon.
  4310 | D:6      | Found a shimmering altar of Xom.
  4328 | D:6      | Reached skill level 7 in Maces & Flails
  4328 | D:6      | Reached XP level 8. HP: 39/78 MP: 6/15
  4353 | D:6      | Found a sand-covered staircase.
  4496 | Ossuary  | Entered an ossuary
  4651 | Ossuary  | Gained mutation: Your spells are a little harder to cast,
                  | but a little more powerful. [potion of mutation]
  4651 | Ossuary  | Gained mutation: You are frail. (-10% HP) [potion of
                  | mutation]
  4651 | Ossuary  | Lost mutation: You are frail. (-10% HP) [potion of
                  | mutation]
  4942 | Ossuary  | Reached skill level 8 in Maces & Flails
  5313 | D:6      | Noticed a yak
  5313 | D:6      | Noticed a yak
  5314 | D:6      | Noticed a yak
  5314 | D:6      | Noticed a yak
  5320 | D:6      | Killed a yak
  5324 | D:6      | Killed a yak
  5325 | D:6      | Reached XP level 9. HP: 76/84 MP: 12/16
  5329 | D:6      | Reached skill level 9 in Maces & Flails
  5415 | D:6      | Got a jacinth-encrusted scale mail
  5417 | D:6      | Identified the +0 scale mail of the Thinker {Rampage} (You
                  | found it on level 6 of the Dungeon)
  5490 | D:6      | You fall into a shaft and drop 1 floor!
  5505 | D:7      | Noticed a +0 dagger
  5506 | D:7      | Found a hide-covered altar of Uskayaw.
  5506 | D:7      | Noticed a +0 hand axe
  5570 | D:6      | Found Lomac's Antique Weapon Shop.
  5582 | D:6      | Bought a fading quarterstaff for 252 gold pieces
  5582 | D:6      | Identified the cursed +1 quarterstaff of Urchituck
                  | {antimagic, rF+ Str-3 Int+3 Dex+4} (You bought it in a shop
                  | on level 6 of the Dungeon)
  6178 | D:7      | Reached *** piety under Makhleb
  6317 | D:7      | Reached skill level 10 in Maces & Flails
  6641 | D:7      | Reached skill level 1 in Invocations
  6713 | D:7      | Reached skill level 5 in Spellcasting
  6926 | D:8      | Reached XP level 10. HP: 87/94 MP: 5/18
  6978 | D:8      | Found a glowing golden altar of the Shining One.
  7872 | D:9      | Got a slimy rapier
  7873 | D:9      | Identified the +7 rapier of Popular Demand {vorpal, rF+
                  | Int+2} (You found it on level 9 of the Dungeon)
  8119 | D:9      | Noticed a cyclops
  8124 | D:9      | Hit by a large rock thrown by a cyclops

Illustrated notes

Levels and vault maps discovered:
D:1:      dpeg_arrival_line_fractal, layout_basic
D:2:      layout_rooms, bloody_trog, chequers_ecumenical_altar_simple,
          kennysheep_generic_room_3
D:3:      layout_basic, nicolae_overflow_crystal_walls, uniq_terence
D:4:      layout_layer_cave, lemuel_doored_altar
D:5:      layout_cave_pools, old_standard_altar, nicolae_ru_awakened_eye,
          gammafunk_temple_overflow_arena, gammafunk_temple_overflow_pools,
          minmay_temple_entry_trees
D:6:      layout_basic, gup_ossuary_entry_pyramid, serial_shops, shop,
          xom_teletrap_fun
D:7:      layout_basic, dancing_weapons_uskayaw
D:8:      layout_basic, kennysheep_little_box
D:9:      layout_cave_pods, erik_orc_4

Skill      XL: |  1  2  3  4  5  6  7  8  9 10 |
---------------+-------------------------------+-----
Ice Magic      | 4 5 6 |  6.2
Fighting       | 4 |  4.8
Maces & Flails | 4 5 7 8 10 | 10.7
Staves         | 3 |  3.2
Dodging        | 3 |  3.5
Spellcasting   | 4 5 |  5.7
Invocations    | 1 2 |  2.8
Stealth        | |  1.4

Action                   |  1- 3 |  4- 6 |  7- 9 | 10-12 || total
-------------------------+-------+-------+-------+-------++-------
Melee: Club              |    51 |    54 |       |       ||   105
       Whip              |       |    43 |       |       ||    43
       Mace              |       |    23 |       |       ||    23
       Flail             |       |    27 |   284 |       ||   311
       Giant club        |       |       |    22 |    87 ||   109
       Quarterstaff      |       |       |    20 |       ||    20
 Cast: Freeze            |    16 |    49 |    33 |     7 ||   105
       Ozocubu's Armour  |     2 |    14 |    26 |     6 ||    48
       Frozen Ramparts   |     1 |    15 |    25 |     7 ||    48
Invok: Minor Destruction |       |       |     3 |     9 ||    12
       Lesser Servant of |       |       |     1 |     2 ||     3
  Use: Potion            |     1 |     1 |     4 |     2 ||     8
       Scroll            |     1 |     9 |    13 |     7 ||    30
 Stab: Sleeping          |       |     4 |     4 |     1 ||     9
Armor: Robe              |    43 |    74 |   134 |    67 ||   318
       Skin              |       |       |    16 |       ||    16
Dodge: Dodged            |    65 |   111 |   170 |    60 ||   406
